 Dungeon Crawl Stone Soup version 0.24.1-14-gf8d2b509d9 (webtiles) character file.

Game seed: 17803583410282688631, levelgen mode: deterministic

2700 Hugehornet the Cleaver (level 9, -11/63 HPs)
             Began as a Human Fighter on May 27, 2020.
             Was an Initiate of Cheibriados.
             Mangled by a two-headed ogre
             ... wielding a cursed -1 dire flail
              (16 damage)
             ... on level 7 of the Dungeon.
             The game lasted 00:16:03 (9305 turns).

Hugehornet the Cleaver (Human Fighter)              Turns: 9305, Time: 00:16:04

Health: -11/63     AC: 10    Str: 15    XL:     9   Next: 97%
Magic:  9/9        EV:  7    Int: 13    God:    Cheibriados [......]
Gold:   65         SH:  9    Dex: 18    Spells: 8/8 levels left

rFire    . . .     SeeInvis .   a - +0 war axe
rCold    + . .     Gourm    .   c - +0 shield
rNeg     . . .     Faith    .   b - +0 scale mail
rPois    +         Spirit   .   (no helmet)
rElec    +         Reflect  .   z - scarf {repulsion}
rCorr    .         Harm     .   q - +0 pair of gloves
MR       .....                  r - +0 pair of boots (curse)
Stlth    ..........             (no amulet)
HPRegen  0.20/turn              G - ring of the Octopus King {rC+ AC+1 EV+1 Str+1 Int+1 Dex+1}
MPRegen  0.11/turn              j - ring "Hochiobeh" {rElec rPois Str-5 Dex+4} (curse)

@: very slightly contaminated, invisible, repel missiles, very slow
A: no striking features
a: Bend Time, Renounce Religion


You were on level 7 of the Dungeon.
You worshipped Cheibriados.
Cheibriados was noncommittal.
You were not hungry.

You visited 2 branches of the dungeon, and saw 8 of its levels.

You collected 362 gold pieces.
You spent 297 gold pieces at shops.

Inventory:

Hand Weapons
 a - a +0 war axe (weapon)
 m - a +3 flail of holy wrath
 D - a +0 trident
 E - a +0 whip of freezing
Armour
 b - a +0 scale mail (worn)
 c - a +0 shield (worn)
 q - a +0 pair of gloves (worn)
 r - a cursed +0 pair of boots (worn)
 y - a +0 cloak
 z - a scarf of repulsion (worn)
Jewellery
 d - an uncursed ring of magical power
 j - the cursed ring "Hochiobeh" (right hand) {rElec rPois Str-5 Dex+4}
   (You bought it in a shop on level 6 of the Dungeon)

   [ring of strength]

   It affects your strength (-5).
   It affects your dexterity (+4).
   It insulates you from electricity.
   It protects you from poison.
   It has a curse placed upon it.
 C - the ring of Neggyimoh {rF+ rC+ SInv}
   (You bought it in a shop on level 6 of the Dungeon)

   [ring of protection from cold]

   It protects you from fire.
   It protects you from cold.
   It lets you see invisible.
 G - a ring of the Octopus King (left hand) {rC+ AC+1 EV+1 Str+1 Int+1 Dex+1}
   (You found it on level 6 of the Dungeon)

   [ring of protection from cold]

   It affects your AC (+1).
   It affects your evasion (+1).
   It affects your strength (+1).
   It affects your intelligence (+1).
   It affects your dexterity (+1).
   It protects you from cold.
Scrolls
 e - 5 scrolls of teleportation
 g - 2 scrolls of fear {unknown}
 h - 3 scrolls of magic mapping {unknown}
 l - 2 scrolls of fog {unknown}
 o - 7 scrolls of blinking {unknown}
 t - 2 scrolls of enchant weapon {unknown}
 v - 2 scrolls of remove curse {unknown}
 w - 2 scrolls of random uselessness {unknown}
 x - 2 scrolls of noise {unknown}
 H - a scroll of amnesia {unknown}
Potions
 k - 5 potions of brilliance
 n - a potion of ambrosia
 p - 3 potions of curing
 s - a potion of lignification
 u - a potion of mutation {unknown}
 A - a potion of agility {unknown}
 B - a potion of flight {unknown}
Comestibles
 f - 16 rations


   Skills:
 - Level 3.0 Fighting
 + Level 12.6 Axes
 - Level 3.0 Armour
 - Level 3.0 Shields


You had 8 spell levels left.
You didn't know any spells.
Your spell library contained the following spells:

 Spells                   Type           Power        Failure   Level  Hunger
 Animate Skeleton         Necr           N/A          99%         1    ##.....
 Apportation              Tloc           #.....       99%         1    ##.....
 Confusing Touch          Hex            #.....       99%         1    ##.....
 Corona                   Hex            #......      99%         1    ##.....
 Summon Small Mammal      Summ           #...         99%         1    ##.....
 Ensorcelled Hibernation  Hex/Ice        #.....       100%        2    ###....
 Confuse                  Hex            #.......     100%        3    ####...
 Dazzling Spray           Conj/Hex       #.....       100%        3    ####...
 Tukima's Dance           Hex            #.......     100%        3    ####...


Dungeon Overview and Level Annotations

Branches:
Dungeon (7/15)             Temple (1/1) D:7

Altars:
Ashenzari
Cheibriados
Dithmenos
Elyvilon
Gozag
Hepliaklqana
Kikubaaqudgha
Makhleb
Nemelex Xobeh
Okawaru
Qazlal
Ru
Sif Muna
Trog
Uskayaw
Vehumet
Wu Jian
Xom
Yredelemnul
Zin
The Shining One

Shops:
D:6 *


Message History

You barely miss the two-headed ogre.
The two-headed ogre hits you with a cursed -1 dire flail.
The two-headed ogre closely misses you.
You closely miss the two-headed ogre. You block the two-headed ogre's attack.
The two-headed ogre hits you with a cursed -3 giant club!!
You hit the two-headed ogre.
The two-headed ogre is lightly wounded.
The two-headed ogre hits you with a cursed -1 dire flail!
The two-headed ogre hits you but does no damage.
Okay, then.
You fade into invisibility!
You are very lightly contaminated with residual magic.
You catch the helpless two-headed ogre completely off-guard!
You hit the two-headed ogre but do no damage.
The two-headed ogre is lightly wounded.
The two-headed ogre barely misses you.
The two-headed ogre hits you with a cursed -3 giant club!!
* * * LOW HITPOINT WARNING * * *
The two-headed ogre hits you with a cursed -1 dire flail!
You die...

##.####...## .# ##.## .#
#.# ### .# #.# #.. ..
##'## #.# .# ##...## #.#
.# ##...^.## #.##.##.#
##.......## #.#..$..#
.##.........###@O..##.#
..'.....................
###..........###...#..##
##.......#.# ##>##..#
##.....##.# ##.. ...
##...###.# ... ### ##'##
#.# .#.# #.# #.# .#.#
#.# #..


You could see a two-headed ogre.

Vanquished Creatures
  Pikel (D:6)
  A spriggan (D:7)
  Edmund (D:6)
  A water moccasin (D:6)
  2 sky beasts
  5 ogres
  2 phantoms (D:5)
  2 centaurs
  A wyvern zombie (D:7)
  A bullfrog (D:6)
  A scorpion (D:7)
  An electric eel (D:6)
  A centaur skeleton (D:6)
  3 hounds
  Crazy Yiuf (D:3)
  3 orc priests
  A jelly (D:6)
  An orc wizard (D:6)
  Natasha (thrice) (D:3)
  An iguana (D:5)
  4 worker ants
  A gnoll (D:1)
  8 adders
  A shadow imp (D:5)
  An ooze (D:2)
  An adder skeleton (D:5)
  2 worms
  2 dart slugs
  2 leopard geckos
  14 orcs
  2 ball pythons
  17 giant cockroaches
  6 goblins
  7 hobgoblins
  14 jackals
  10 kobolds
  7 quokkas
  6 bats
  3 frilled lizards
  A jackal skeleton (D:6)
  6 rats
148 creatures vanquished.

Vanquished Creatures (others)
  A crimson imp (D:6)
  A plant (D:6)
2 creatures vanquished.

Grand Total: 150 creatures vanquished

Notes
Turn   | Place    | Note
-------+----------+-------------------------------------------
     0 | D:1      | Hugehornet the Human Fighter began the quest for the Orb.
     0 | D:1      | Reached XP level 1. HP: 18/18 MP: 1/1
   250 | D:1      | Reached XP level 2. HP: 23/24 MP: 2/2
   364 | D:1      | Reached skill level 3 in Axes
   461 | D:1      | Reached XP level 3. HP: 26/29 MP: 3/3
  1485 | D:2      | Reached skill level 4 in Axes
  1485 | D:2      | Reached XP level 4. HP: 33/35 MP: 4/4
  1788 | D:2      | Found a glowing silver altar of Zin.
  1831 | D:2      | Found a radiant altar of Vehumet.
  1832 | D:2      | Found a sparkling altar of Nemelex Xobeh.
  2767 | D:3      | Reached XP level 5. HP: 41/41 MP: 5/5
  2770 | D:3      | Noticed Natasha
  2779 | D:3      | Killed Natasha
  2779 | D:3      | Reached skill level 5 in Axes
  2861 | D:3      | Noticed Natasha
  2870 | D:3      | Killed Natasha
  2906 | D:3      | Found a bloodstained altar of Trog.
  2977 | D:3      | Noticed Natasha
  2986 | D:3      | Killed Natasha
  2986 | D:3      | Reached XP level 6. HP: 34/47 MP: 6/6
  3101 | D:3      | Found a runed translucent door.
  3102 | D:3      | Noticed Crazy Yiuf
  3421 | D:3      | Reached skill level 6 in Axes
  3620 | D:3      | Killed Crazy Yiuf
  4264 | D:4      | Noticed an ogre
  4271 | D:4      | Killed an ogre
  4271 | D:4      | Reached skill level 7 in Axes
  4271 | D:4      | Reached XP level 7. HP: 19/52 MP: 7/7
  4574 | D:4      | Found a burning altar of Makhleb.
  5220 | D:5      | Entered Level 5 of the Dungeon
  5270 | D:5      | Reached skill level 8 in Axes
  5712 | D:5      | Reached XP level 8. HP: 52/58 MP: 8/8
  6087 | D:5      | Reached skill level 9 in Axes
  6770 | D:6      | Noticed Edmund
  6798 | D:6      | Killed Edmund
  6802 | D:6      | HP: 2/58 [ogre/+0 giant spiked club (20)]
  6811 | D:6      | Reached skill level 10 in Axes
  7165 | D:6      | Reached XP level 9. HP: 61/63 MP: 9/9
  7473 | D:6      | Reached skill level 11 in Axes
  8091 | D:6      | Found Suparo's Assorted Antiques.
  8109 | D:6      | Bought a shimmering silver ring for 135 gold pieces
  8109 | D:6      | Bought a flickering glass ring for 135 gold pieces
  8109 | D:6      | Bought a scroll labeled TUSCHA UPRIE for 27 gold pieces
  8109 | D:6      | Identified the cursed ring "Hochiobeh" {rElec rPois Str-5
                  | Dex+4} (You bought it in a shop on level 6 of the Dungeon)
  8111 | D:6      | Identified the ring of Neggyimoh {rF+ rC+ SInv} (You bought
                  | it in a shop on level 6 of the Dungeon)
  8124 | D:6      | Noticed Pikel
  8148 | D:6      | Killed Pikel
  8148 | D:6      | Reached skill level 12 in Axes
  8382 | D:6      | Found the ring of the Octopus King
  8389 | D:6      | Got a ring of the Octopus King
  8767 | D:7      | Found a staircase to the Ecumenical Temple.
  8770 | D:7      | Identified a ring of the Octopus King {rC+ AC+1 EV+1 Str+1
                  | Int+1 Dex+1} (You found it on level 6 of the Dungeon)
  8779 | Temple   | Entered the Ecumenical Temple
  8876 | Temple   | Became a worshipper of Cheibriados the Contemplative
  9296 | D:7      | Noticed a two-headed ogre
  9305 | D:7      | Mangled by a two-headed ogre

Levels and vault maps discovered:
D:1:      dpeg_arrival_circle_labyrinth_c, layout_loops_ring
D:2:      layout_basic, grunt_temple_overflow_open, serial_glass,
          glass_columns_a, glass_columns_a, first_ration
D:3:      minmay_roachtagon, layout_rooms, bloody_trog, uniq_natasha,
          uniq_crazy_yiuf_cottage
D:4:      layout_basic, bloody_makhleb
D:5:      layout_loops_corners
D:6:      layout_loops_ring, serial_shops, kennysheep_little_box,
          serial_bayou_lagoon_b, uniq_edmund, uniq_pikel
D:7:      layout_loops_corners, fedhas_bush_and_centaur_altar,
          minmay_temple_entry_overgrown, serial_shops,
          nicolae_shop_behind_doors, the_bakery
Temple:   minmay_crystal_spiral_temple

Skill      XL: |  1  2  3  4  5  6  7  8  9 |
---------------+----------------------------+-----
Axes           | 3 4 5 7 8 10 12 | 12.6
Fighting       | |  3.0
Armour         | |  3.0
Shields        | |  3.0

Action                   |  1- 3 |  4- 6 |  7- 9 || total
-------------------------+-------+-------+-------++-------
Melee: War axe           |    91 |   180 |   316 ||   587
  Use: Potion            |       |     1 |     8 ||     9
       Scroll            |       |       |     8 ||     8
 Stab: Invisible         |       |     1 |     1 ||     2
  Eat: Chunk             |     1 |    10 |    10 ||    21
       Ration            |       |       |     2 ||     2
Armor: Scale mail        |    47 |    88 |    84 ||   219
       Skin              |       |       |    19 ||    19
Dodge: Dodged            |    35 |    58 |    62 ||   155
       Deflected         |       |       |     1 ||     1
Block: Shield            |    40 |   108 |   105 ||   253
